 Dungeon Crawl Stone Soup version 0.27-a0-1139-g28e009f8a6 (webtiles) character file.

Game seed: 3345895310017651597

92 Anon1729 the Skirmisher (level 4, -7/37 HPs)
             Began as a Formicid Berserker on May 7, 2021.
             Was an Initiate of Gozag.
             Mangled by a wyvern (13 damage)
             ... on level 8 of the Dungeon.
             The game lasted 00:02:58 (2402 turns).

Anon1729 the Skirmisher (Formicid Berserker)        Turns: 2402, Time: 00:02:58

Health: -7/37      AC: 12    Str: 20 (23) XL:     4   Next: 90%
Magic:  4/4        EV:  8    Int:  6      God:    Gozag
Gold:   246        SH:  0    Dex: 10      Spells: 3/3 levels left

rFire    . . .     SeeInvis +   a - +0 falchion
rCold    . . .     Faith    .   (no shield)
rNeg     . . .     Spirit   .   h - +0 chain mail
rPois    .         Reflect  .   (helmet unavailable)
rElec    .         Harm     .   k - +0 cloak
rCorr    .         Rampage  .   l - +0 pair of gloves
Will     .....                  e - +0 pair of boots
Stlth    ..........             (no amulet)
HPRegen  0.12/turn              (no ring)
MPRegen  0.09/turn              (no ring)

@: confused, ambrosia-drunk, attractive, flying
A: permanent stasis, dig shafts and tunnels, antennae 3, four strong arms
a: Dig, Shaft Self, Renounce Religion, Potion Petition, Call Merchant, Bribe
Branch


You were on level 8 of the Dungeon.
You worshipped Gozag.
Gozag was aware of your devotion.
You visited 1 branch of the dungeon, and saw 5 of its levels.

You collected 246 gold pieces.

Inventory:

Hand Weapons
 a - a +0 falchion (weapon)
Armour
 b - a +0 animal skin
 e - a +0 pair of boots (worn)
 h - a +0 chain mail (worn)
 k - a +0 cloak (worn)
 l - a +0 pair of gloves (worn)
Scrolls
 c - a scroll of noise {unknown}
 d - 2 scrolls of amnesia {unknown}
 g - 2 scrolls of identify {unknown}
 j - a scroll of blinking {unknown}


   Skills:
 + Level 4.0 Fighting
 + Level 3.6 Long Blades
 + Level 3.1 Armour
 + Level 2.6 Dodging


You had 3 spell levels left.
You didn't know any spells.
Your spell library was empty.

Dungeon Overview and Level Annotations

Branches:
Dungeon (6/15)
 Temple: D:4-7

Altars:
Gozag
Trog


Innate Abilities, Weirdness & Mutations

You cannot be hasted, slowed, berserked, paralysed or teleported.
You can dig through walls and to a lower floor.
You have a pair of large antennae on your head. (SInv)
Your four strong arms can wield two-handed weapons with a shield.


Message History

No target in view!
No target in view!
You start resting.
Trog sends monsters to punish you. 3 polar bears and 2 black bears come into view.
There are monsters nearby!
Are you sure you want to shaft yourself?
You begin to dig a shaft.
You continue digging a shaft.
The polar bear bites you but does no damage.
The polar bear claws you but does no damage.
The polar bear barely misses you. A shaft appears beneath you!
You fall into a shaft and drop 2 floors!
The shaft crumbles and collapses.
A wyvern and a zombie come into view.
The wyvern hisses angrily.
Found a marble ring.
The wyvern bites you! The wyvern bites you!
* * * LOW HITPOINT WARNING * * *
Okay, then.
It was a potion of flight.
You feel very buoyant.
You fly up into the air.
The wyvern bites you but does no damage.
It was a potion of ambrosia.
You are confused.
You feel invigorated. The wyvern bites you!
* * * LOW HITPOINT WARNING * * *
The wyvern barely misses you.
It was a potion of attraction.
You feel attractive to monsters. The wyvern bites you!
* * * LOW HITPOINT WARNING * * *
You are too confused!
Unknown command.
You are too confused!
You're too confused to move!
The wyvern bites you!
You die...
Your body crumbles into a pile of gold.

##
####.#######....
........Z.....#
.###..##l####.#
#. #@# # #....#
#........
#....#.##
###.=.... .##.#
.# .# ## #


You could see a wyvern and a wyvern zombie.

Vanquished Creatures
  A hound (D:6)
  An adder (D:2)
  A worm (D:2)
  A dart slug (D:2)
  An orc (D:3)
  A bat (D:1)
  8 endoplasms
  4 giant cockroaches
  6 hobgoblins
  3 jackals (D:2)
  3 kobolds
  3 quokkas
  3 ball pythons
  A frilled lizard (D:2)
  2 goblins (D:1)
  3 rats
42 creatures vanquished.

Notes
Turn   | Place    | Note
-------+----------+-------------------------------------------
     0 | D:1      | Anon1729 the Formicid Berserker began the quest for the
                  | Orb.
     0 | D:1      | Reached XP level 1. HP: 18/18 MP: 1/1
     0 | D:1      | Fell from the grace of Trog
   165 | D:1      | Reached XP level 2. HP: 21/24 MP: 2/2
   449 | D:1      | You fall into a shaft and drop 1 floor!
   625 | D:2      | Found a faded altar of an unknown god.
   728 | D:2      | Became a worshipper of Gozag Ym Sagoz the Greedy
   809 | D:1      | Reached XP level 3. HP: 29/29 MP: 3/3
  1373 | D:2      | Reached XP level 4. HP: 36/37 MP: 4/4
  1543 | D:2      | Paralysed by Trog for 4 turns
  2268 | D:3      | Found a bloodstained altar of Trog.
  2306 | D:3      | Noticed a black bear
  2306 | D:3      | Noticed a black bear
  2306 | D:3      | Noticed a polar bear
  2306 | D:3      | Noticed a black bear
  2308 | D:3      | You fall into a shaft and drop 3 floors!
  2323 | D:6      | Reached skill level 4 in Fighting
  2394 | D:6      | Noticed a polar bear
  2394 | D:6      | Noticed a polar bear
  2394 | D:6      | Noticed a black bear
  2394 | D:6      | Noticed a polar bear
  2394 | D:6      | Noticed a black bear
  2396 | D:6      | You fall into a shaft and drop 2 floors!
  2396 | D:8      | Noticed a wyvern
  2401 | D:8      | HP: 1/37 [wyvern (9)]
  2402 | D:8      | Mangled by a wyvern

Illustrated notes

Levels and vault maps discovered:
D:1:      evilmike_arrival_fibonacci_small, layout_basic, supply_closet_lemuel
D:2:      layout_basic, shapermc_ecumenical_altar_venn, minmay_nonomino_d4
D:3:      layout_loops_ring, trog_butcher_becter, st_stairs_14, uniq_robin,
          uniq_natasha
D:6:      layout_rooms, kiku_gazebo_pond_becter, minmay_temple_entry_waves
D:8:      minmay_the_grid_triangle_9x9_recursive_2
          [minmay_the_grid_triangle_9x9_prize_schism,
          minmay_the_grid_triangle_9x9_corruption,
          minmay_the_grid_triangle_9x9_empty,
          minmay_the_grid_triangle_9x9_descending_squares], layout_loops_ring,
          okawaru_humans, gammafunk_temple_overflow_arena

Skill      XL: |  1  2  3  4 |
---------------+-------------+-----
Dodging        | 2 |  2.6
Armour         | 3 |  3.1
Fighting       | 4 |  4.0
Long Blades    | |  3.6

Action                   |  1- 3 |  4- 6 || total
-------------------------+-------+-------++-------
Melee: Falchion          |   102 |    52 ||   154
Invok: Renounce Religion |     1 |       ||     1
 Abil: Shaft Self        |       |     2 ||     2
  Use: Potion            |       |     3 ||     3
 Stab: Distracted        |       |     2 ||     2
Armor: Animal skin       |     4 |       ||     4
       Chain mail        |    43 |    35 ||    78
Dodge: Dodged            |    50 |    20 ||    70
       Rpst.: Falchion   |    19 |     6 ||    25

Table legend: (Time is in decaauts)
 A = Elapsed time spent in this place.
 B = Non-inter-level travel time spent in this place.
 C = Inter-level travel time spent in this place.
 D = Time resting spent in this place.
 E = Time spent auto-exploring this place.
 F = Levels seen in this place.
 G = Mean time per level.
                   A        B        C        D        E       F      G
               +--------+--------+--------+--------+--------+-----+--------+
         Total |   2422 |   2238 |    184 |    204 |   1658 |   5 |  484.4 |
       Dungeon |   2422 |   2238 |    184 |    204 |   1658 |   5 |  484.4 |
               +--------+--------+--------+--------+--------+-----+--------+

Top non-repeatable levels by time:
     D:2: 1384 daAuts
     D:1: 668 daAuts
     D:3: 274 daAuts
     D:6: 89 daAuts
     D:8: 5 daAuts
